 Dungeon Crawl Stone Soup version 0.31-a0-175-g9f7f995f2b (webtiles) character file.

Game seed: 10223660409894972180

24917 FuzzyBarbErik the Unseen (level 12, -18/64 HPs)
             Began as a Vampire Enchanter on June 17, 2023.
             Was a Priest of Dithmenos.
             Demolished by a spriggan rider
             ... wielding the +11 spear of the Inferno {flame, *Rage Dex+4 SInv}
              (47 damage)
             ... on level 2 of the Lair of Beasts.
             The game lasted 01:03:30 (14200 turns).

FuzzyBarbErik the Unseen (Vampire Enchanter)       Turns: 14200, Time: 01:03:30

Health: -18/64     AC:  7    Str: 13    XL:     12   Next: 84%
Magic:  14/22      EV: 18    Int: 18    God:    Dithmenos [***...]
Gold:   1008       SH:  0    Dex: 19    Spells: 12/24 levels left

rFire   . . .        a - +5 quick blade of Inquiry {protect, rElec Str+6}
rCold   + + .        (no shield)
rNeg    + + +        e - +0 steam dragon scales
rPois   ∞            (no helmet)
rElec   +            H - scarf {shadows}
rCorr   +            M - +0 pair of gloves
SInv    +            s - +0 pair of boots
Will    +....        x - amulet of the acrobat Stlth **++++++++
                     d - ring of resist corrosion
HPRegen 0.00/turn    (no ring)
MPRegen 0.18/turn

%: acrobat
@: bloodless, inhibited regen, wreathed by umbra
A: bloodless, fangs 3, see invisible, vampiric 2
a: Bat Form, Revivify, Renounce Religion, Shadow Step


You were on level 2 of the Lair of Beasts.
You worshipped Dithmenos.
Dithmenos was most pleased with you.
You visited 3 branches of the dungeon, and saw 15 of its levels.

You collected 1008 gold pieces.

Inventory:

Hand Weapons
 a - the +5 quick blade of Inquiry (weapon) {protect, rElec Str+6}
   (You acquired it on level 7 of the Dungeon)

   Str:       It affects your strength (+6).
   rElec:     It insulates you from electricity.
 b - a +2 dagger
 g - a +0 dagger of venom
 l - a +0 rapier
 o - a +7 orcbow
Missiles
 j - 34 poisoned darts
 G - 2 silver boomerangs
 I - a curare-tipped dart
Armour
 e - +0 steam dragon scales (worn)
 s - a +0 pair of boots (worn)
 H - a scarf of shadows (worn)
 K - the +1 ring mail of a ziggurat {Int+4}
   (You took it off an orc on level 5 of the Dungeon)

   Int:       It affects your intelligence (+4).
 M - a +0 pair of gloves (worn)
 N - a +2 leather armour of cold resistance
Jewellery
 d - a ring of resist corrosion (left hand)
 x - an amulet of the acrobat (around neck)
Wands
 h - a wand of polymorph (16)
 z - a wand of iceblast (6)
 C - a wand of quicksilver (3)
 D - a wand of flame (30)
 P - a wand of charming (8)
Scrolls
 f - a scroll of fear
 q - 3 scrolls of fog
 t - a scroll of enchant armour {unknown}
 w - 4 scrolls of teleportation
 y - a scroll of silence {unknown}
 B - a scroll of poison {unknown}
 E - a scroll of acquirement
 J - a scroll of vulnerability
 Q - a scroll of enchant weapon
Potions
 c - 2 potions of invisibility
 i - 3 potions of attraction
 k - 2 potions of lignification
 m - 3 potions of heal wounds
 n - 3 potions of brilliance
 p - 3 potions of magic
 r - a potion of enlightenment
 u - 2 potions of might
 v - a potion of haste {unknown}
 A - 3 potions of berserk rage
 F - 2 potions of resistance {unknown}
 L - 2 potions of mutation {unknown}
 O - a potion of curing {unknown}


   Skills:
 + Level 3.1 Fighting
 * Level 9.1 Short Blades
 - Level 2.0 Armour
 * Level 9.6 Dodging
 + Level 16.7 Stealth
 + Level 6.9 Spellcasting
 - Level 2.0 Conjurations
 * Level 12.6 Hexes
 - Level 3.0 Translocations
 * Level 8.1 Ice Magic


You had 12 spell levels left.
You knew the following spells:

 Your Spells              Type           Power      Damage    Failure   Level
a - Tukima's Dance        Hex            51%        N/A       1%          3
b - Ensorcelled Hibernat  Hex/Ice        86%        N/A       1%          2
c - Confusing Touch       Hex            51%        N/A       1%          3
d - Dazzling Flash        Conj/Hex       64%        N/A       1%          3
e - Apportation           Tloc           34%        N/A       3%          1

Your spell library contained the following spells:

 Spells                   Type           Power      Damage    Failure   Level
 Portal Projectile        Hex/Tloc       68%        N/A       1%          3
 Magic Dart               Conj           52%        1d5       4%          1
 Fulminant Prism          Conj/Hex       16%        3d10      5%          4
 Searing Ray              Conj           26%        2d5       8%          2
 Leda's Liquefaction      Hex/Erth       14%        N/A       9%          4
 Necrotise                Necr           24%        1d5       11%         1
 Summon Small Mammal      Summ           24%        N/A       11%         1
 Volatile Blastmotes      Fire/Tloc      22%        2d11      19%         3
 Call Canine Familiar     Summ           6%         N/A       32%         3
 Iskenderun's Mystic Bla  Conj/Tloc      15%        2d5       36%         4
 Iskenderun's Battlesphe  Conj           13%        2d7       80%         5
 Fireball                 Conj/Fire      4%         3d4       90%         5
 Conjure Ball Lightning   Conj/Air       4%         3x3d6     100%        6
 Starburst                Conj/Fire      4%         6d4       100%        6
 Malign Gateway           Summ/Tloc      5%         N/A       100%        7
 Orb of Destruction       Conj           6%         9d6       100%        7
 Summon Horrible Things   Summ           3%         N/A       100%        8


Dungeon Overview and Level Annotations

Branches:
Dungeon (12/15)            Temple (1/1) D:7            Lair (2/5) D:11
    Orc (0/2) D:9
  Swamp: Lair:2-3    Shoals: Lair:2-3     Snake: Lair:2-3    Spider: Lair:2-3

Altars:
Ashenzari
Cheibriados
Dithmenos
Fedhas
Gozag
Hepliaklqana
Kikubaaqudgha
Makhleb
Nemelex Xobeh
Okawaru
Qazlal
Ru
Sif Muna
Trog
Uskayaw
Vehumet
Wu Jian
Xom
Yredelemnul

Portals:
Trove: D:12 (give 12 potions of heal wounds)

Annotations:
D:8 exclusions: 2 electric eels and 1 more exclusion
D:9 2 exclusions
D:10 2 transporters, exclusions: cyclops and golden eye


Innate Abilities, Weirdness & Mutations

You do not regenerate when monsters are visible.
You are frail without blood (-20% HP).
You can heal yourself when you bite living creatures.
You are immune to poison.
You have razor-sharp teeth.
You have supernaturally acute eyesight. (SInv)
You are afflicted with vampirism and can become a bat while bloodless.


Message History

Casting: Tukima's Dance (safe; 1% risk of failure)
Confirm with . or Enter, or press ? or * to list all spells.
Aiming: Ensorcelled Hibernation (safe; 1% risk of failure)
Press: ? - help, Shift-Dir - straight line, f/p - spriggan rider
Aim: a spriggan rider, wielding the +11 spear of the Inferno {flame, *Rage Dex+4 SInv} (umbra, chance to affect: 8%)
Okay, then.
Unknown command.
Casting: Ensorcelled Hibernation (safe; 1% risk of failure)
Confirm with . or Enter, or press ? or * to list all spells.
Casting: Dazzling Flash (safe; 1% risk of failure)
Press: ? - help, Dir - look around, f - activate Look: a spriggan rider, wielding the +11 spear of the Inferno {flame, *Rage Dex+4 SInv} (umbra, chance to dazzle: 43%)
The spriggan rider goes berserk!
The spriggan rider completely misses you.
Casting: Dazzling Flash (safe; 1% risk of failure)
Confirm with . or Enter, or press ? or * to list all spells.
Casting: Dazzling Flash (safe; 1% risk of failure)
Press: ? - help, Dir - look around, f - activate Look: a spriggan rider, wielding the +11 spear of the Inferno {flame, *Rage Dex+4 SInv} (berserk, umbra, chance to dazzle: 43%)
The spriggan rider is dazzled.
The spriggan rider misses you.
The spriggan rider hits you with the +11 spear of the Inferno {flame, *Rage Dex+4 SInv}!!
The spriggan rider burns you.
You closely miss the spriggan rider. You hit the spriggan rider.
Your weapon exudes an aura of protection.
The spriggan rider is lightly wounded.
You hit the spriggan rider. You completely miss the spriggan rider.
Your bite misses the spriggan rider.
The spriggan rider is lightly wounded.
The spriggan rider rages.
You hear a shout!
You see here a +0 trident.
The spriggan rider completely misses you.
You hear an angry growl.
Casting: Dazzling Flash (safe; 1% risk of failure)
Confirm with . or Enter, or press ? or * to list all spells.
Casting: Dazzling Flash (safe; 1% risk of failure)
Press: ? - help, Dir - look around, f - activate The spriggan rider hits you from afar with the +11 spear of the Inferno {flame, *Rage Dex+4 SInv}!!!
Ouch! That really hurt!
You die...

..#
♣♣#.......................
..#
P!♣P'.......................
..#
♣$..#(......................
..#
..♣..#8......................
..#
♣♣.##......................
..##
♣.g#......................
...###
♣♣♣#......................
##....
#...i..................
#P....
##P###@##..............
...... ####)##...............
...... #..)...............
...... ##.................
...... ##......#...........
......
####.....###...........
...... #.#......#
#........... ...... #.....###
#........... ...... ..#....##
#...........


You could see a spriggan rider (berserk).

Vanquished Creatures
  A hydra (Lair:1)
  The ghost of gelatine the Thaumaturge, a journeyman DsFE of Vehumet (Lair:2)
  5 two-headed ogres
  A boulder beetle (Lair:2)
  A manticore (D:12)
  A cyclops (D:12)
  3 black mambas
  An elephant (D:11)
  3 cane toads (Lair:1)
  2 gargoyles
  An orange demon (D:11)
  An unseen horror (D:12)
  2 komodo dragons (Lair:1)
  A rime drake (Lair:1)
  A kobold demonologist (D:11)
  A troll (D:11)
  A red devil (D:11)
  5 blink frogs (Lair:2)
  Sigmund (D:4)
  3 shadows (D:12)
  A spriggan (Lair:2)
  A yak (shapeshifter) (D:9)
  A vampire (D:12)
  28 yaks
  A wraith (D:12)
  4 wyverns
  A neqoxec (D:11)
  2 steam dragons
  3 basilisks
  A chaos spawn (D:11)
  Edmund (D:4)
  5 water moccasins
  An acid dragon (D:10)
  4 orc warriors
  2 ice beasts
  A sky beast (D:7)
  3 black bears
  4 ogres
  9 wolves (Lair:1)
  2 centaurs (D:9)
  2 phantoms (D:5)
  2 kobold brigands
  6 bullfrogs
  8 scorpions
  A gnoll sergeant (D:7)
  6 wights
  12 killer bees
  13 howler monkeys
  7 crimson imps (D:7)
  4 hounds
  14 orc priests
  5 jellies
  Terence (D:3)
  Natasha (thrice) (D:2)
  An iguana (D:5)
  8 orc wizards
  The ghost of zeez the Covert, a weakling GnDe (D:5)
  Robin (D:4)
  8 gnolls
  11 adders
  A shadow imp (D:7)
  4 white imps
  3 worms
  4 dart slugs
  38 orcs
  6 ball pythons
  5 bats
  16 endoplasms
  12 giant cockroaches
  15 goblins
  14 hobgoblins
  7 jackals
  9 kobolds
  5 quokkas
  2 frilled lizards
  9 rats
375 creatures vanquished.

Vanquished Creatures (collateral kills)
  Eustachio (D:6)
  A hound (D:6)
  An iguana (D:6)
  An orc (D:8)
4 creatures vanquished.

Grand Total: 379 creatures vanquished

Notes
Turn   | Place    | Note
-------+----------+-------------------------------------------
     0 | D:1      | FuzzyBarbErik the Vampire Enchanter began the quest for the
                  | Orb.
     0 | D:1      | Reached XP level 1. HP: 13/13 MP: 3/3
     1 | D:1      | Found a runed translucent door.
     3 | D:1      | Noticed a jelly
   177 | D:1      | Reached XP level 2. HP: 19/19 MP: 5/5
   895 | D:1      | Gained mutation: You are afflicted with vampirism and can
                  | become a bat while bloodless. [Vampire growth]
   895 | D:1      | Reached XP level 3. HP: 23/24 MP: 6/6
   948 | D:2      | Reached skill level 5 in Stealth
   977 | D:2      | Noticed Natasha
   995 | D:2      | Killed Natasha
   996 | D:2      | Reached XP level 4. HP: 5/31 MP: 7/7
  1005 | D:2      | Learned a level 3 spell: Tukima's Dance
  1008 | D:2      | Learned a level 2 spell: Ensorcelled Hibernation
  1082 | D:2      | Noticed Natasha
  1092 | D:2      | Killed Natasha
  1093 | D:2      | Reached skill level 6 in Stealth
  1171 | D:2      | Noticed Natasha
  1182 | D:2      | Killed Natasha
  1265 | D:2      | Reached XP level 5. HP: 36/36 MP: 8/8
  1640 | D:3      | Noticed Terence
  1645 | D:3      | Killed Terence
  1725 | D:3      | Reached skill level 1 in Fighting
  1892 | D:3      | Reached skill level 7 in Stealth
  1903 | D:3      | Reached skill level 1 in Ice Magic
  2186 | D:4      | Noticed Robin
  2324 | D:1      | Reached XP level 6. HP: 39/43 MP: 6/9
  2465 | D:4      | Noticed a water moccasin
  2530 | D:4      | Killed Robin
  2588 | D:4      | Killed a water moccasin
  2595 | D:4      | Reached skill level 8 in Stealth
  2595 | D:4      | Reached XP level 7. HP: 48/48 MP: 3/10
  2781 | D:4      | Reached skill level 5 in Hexes
  2884 | D:4      | Noticed Edmund
  2889 | D:4      | Killed Edmund
  3015 | D:4      | Learned a level 3 spell: Confusing Touch
  3283 | D:4      | Found an opulent altar of Gozag.
  3340 | D:4      | Found a blossoming altar of Fedhas.
  3349 | D:4      | Noticed Sigmund
  3356 | D:4      | Killed Sigmund
  3357 | D:4      | Reached XP level 8. HP: 43/43 MP: 12/12
  3608 | D:5      | Entered Level 5 of the Dungeon
  3612 | D:5      | Reached skill level 5 in Short Blades
  3625 | D:5      | Reached skill level 9 in Stealth
  3710 | D:5      | Found a shadowy altar of Dithmenos.
  3899 | D:5      | Reached skill level 5 in Dodging
  3934 | D:5      | Found a snail-covered altar of Cheibriados.
  4116 | D:5      | Found a runed translucent gate.
  4576 | D:5      | Found a runed translucent gate.
  4576 | D:5      | Found a runed translucent gate.
  4645 | D:6      | You fall into a shaft and drop 3 floors!
  4699 | D:9      | Noticed a two-headed ogre
  4706 | D:9      | Killed a two-headed ogre
  4707 | D:9      | Reached skill level 10 in Stealth
  4707 | D:9      | Reached XP level 9. HP: 48/48 MP: 12/14
  4821 | D:9      | Found a staircase to the Orcish Mines.
  4900 | D:9      | Reached skill level 11 in Stealth
  5001 | D:10     | Entered Level 10 of the Dungeon
  5008 | D:10     | Found a transporter.
  5052 | D:9      | Reached skill level 5 in Ice Magic
  5207 | D:8      | Noticed a two-headed ogre
  5214 | D:8      | Killed a two-headed ogre
  5215 | D:8      | Reached skill level 12 in Stealth
  5390 | D:8      | Found a stormy altar of Qazlal.
  5512 | D:7      | Reached XP level 10. HP: 53/53 MP: 16/16
  5738 | D:7      | Found a staircase to the Ecumenical Temple.
  5770 | Temple   | Entered the Ecumenical Temple
  6126 | D:7      | Noticed a two-headed ogre
  6136 | D:7      | Killed a two-headed ogre
  7312 | D:6      | Noticed Eustachio
  7316 | D:6      | Reached skill level 5 in Spellcasting
  7337 | D:6      | Killed Eustachio
  7338 | D:6      | Reached skill level 13 in Stealth
  7525 | D:5      | Became a worshipper of Dithmenos the Shadowed
  7626 | D:5      | Identified the +1 ring mail of a ziggurat {Int+4}
  7629 | D:5      | Noticed zeez's ghost (weakling GnDe)
  7631 | D:5      | Identified the +0 plate armour of Midnight {Harm rCorr
                  | SInv}
  7668 | D:5      | Killed zeez's ghost
  8147 | D:7      | Found a hide-covered altar of Uskayaw.
  8148 | D:7      | Found a broken altar of Ashenzari.
  8148 | D:7      | Found a sacrificial altar of Ru.
  8151 | D:7      | Found an iron altar of Okawaru.
  8151 | D:7      | Found a shimmering altar of Xom.
  8151 | D:7      | Found a sacrificial altar of Ru.
  8260 | D:7      | Identified a scroll of acquirement
  8260 | D:7      | Acquired the +5 quick blade of Inquiry {protect, rElec
                  | Str+6}
  8302 | D:8      | Reached skill level 10 in Hexes
  9080 | D:9      | Reached * piety under Dithmenos
  9271 | D:9      | Noticed a two-headed ogre
  9278 | D:9      | Killed a two-headed ogre
  9279 | D:9      | Reached XP level 11. HP: 42/58 MP: 6/19
 10048 | D:10     | Found a transporter.
 10053 | D:10     | Found a hazy altar of Hepliaklqana.
 10086 | D:10     | Reached skill level 14 in Stealth
 10102 | D:10     | Found a broken altar of Ashenzari.
 10131 | D:10     | Learned a level 3 spell: Dazzling Flash
 10133 | D:10     | Learned a level 1 spell: Apportation
 10357 | D:11     | Noticed a two-headed ogre
 10436 | D:11     | Found a staircase to the Lair.
 10454 | D:11     | Reached ** piety under Dithmenos
 10535 | D:11     | Identified the +5 whip of Waacsi {holy, Contam rC++ rN+}
 10586 | D:11     | Reached skill level 1 in Translocations
 11161 | D:12     | Reached skill level 1 in Conjurations
 11376 | D:12     | Reached skill level 1 in Armour
 11534 | D:12     | Noticed a two-headed ogre
 11541 | D:12     | Killed a two-headed ogre
 11563 | D:12     | Noticed a storm dragon
 11595 | D:12     | Reached skill level 15 in Stealth
 11805 | D:12     | Reached XP level 12. HP: 64/64 MP: 9/21
 11998 | D:12     | Found a portal to a secret trove of treasure.
 12249 | Lair:1   | Entered Level 1 of the Lair of Beasts
 12661 | Lair:1   | Noticed an eight-headed hydra
 12795 | Lair:1   | Reached *** piety under Dithmenos
 13471 | Lair:1   | Killed an eight-headed hydra
 13656 | Lair:2   | Reached skill level 16 in Stealth
 13872 | Lair:2   | Identified the +1 leather armour "Amext" {Drain +Blink
                  | Str+4 Dex+2}
 13922 | Lair:2   | Noticed a boulder beetle
 13928 | Lair:2   | Killed a boulder beetle
 14124 | Lair:2   | Found a runed translucent door.
 14125 | Lair:2   | Identified the +11 spear of the Inferno {flame, *Rage Dex+4
                  | SInv}
 14130 | Lair:2   | Noticed gelatine's ghost (journeyman DsFE)
 14177 | Lair:2   | Killed gelatine's ghost
 14200 | Lair:2   | Demolished by a spriggan rider

Illustrated notes

Levels and vault maps discovered:
D:1:      dpeg_arrival_caged_fury, layout_loops_ring, st_stairs_7,
          hangedman_abyss_or_decor_stabs
D:2:      layout_basic, uniq_natasha
D:3:      layout_rooms, uniq_terence
D:4:      layout_loops_ring, lemuel_round_altar,
          mainiacjoe_overflow_tiny_flanked, kennysheep_mini_moat,
          minmay_crystal_room, minmay_crystal_water, uniq_sigmund, uniq_robin,
          uniq_edmund
D:5:      layout_basic, general_overflow_altar, kennysheep_slug_shrine,
          biasface_ghost_orc_armoury, dk_vineyard_3, bh_walls_and_bars
D:6:      layout_rooms, uniq_eustachio
D:7:      layout_loops_corners, doesnt_xom_only_xom, minmay_temple_entry_trees,
          chequers_serial_rivers_small_b, serial_bayou_ford_a,
          nicolae_zen_rock_garden, st_stairs_8, minmay_nine_imps
D:8:      layout_basic, mainiacjoe_overflow_small_starburst, chequers_big_river,
          hangedman_decor_peaks_small
D:9:      nzn_winding_woodlands_cross [nzn_winding_woodlands_5x15_eye,
          nzn_winding_woodlands_5x15_jagged, nzn_winding_woodlands_5x15_cabin,
          nzn_winding_woodlands_5x15_default,
          nzn_winding_woodlands_15x15_eel_pit], layout_long_grid,
          minmay_orc_entry_temple_small
D:10:     layout_cave_pools, gammafunk_temple_overflow_arena,
          mainiacjoe_overflow_six_doors_small
D:11:     layout_loops_cross, david_lair_generic, serial_demonic,
          serial_demonic_b, serial_demonic_b, serial_demonic_c, serial_demonic_e
D:12:     layout_loops_corners, enter_trove_6, solitary_fountain,
          chequers_serial_rivers_small_3, kennysheep_island_fort
Temple:   dshaligram_water_room_temple
Lair:1:   layout_small_grid, basic_altar
Lair:2:   layout_hall_layers, minmay_shoals_entry_centaurs,
          ebering_ghost_funeral_grove, lemuel_fruit_fields, lemuel_fruit_fields,
          lemuel_fruit_tree

Skill      XL: |  1  2  3  4  5  6  7  8  9 10 11 12 |
---------------+-------------------------------------+-----
Short Blades   | 2 3 4 5 6 7 8 9 |  9.1
Stealth        | 5 6 7 8 10 12 13 15 16 | 16.7
Dodging        | 3 4 5 6 8 9 |  9.6
Fighting       | 1 2 3 |  3.1
Ice Magic      | 1 3 4 5 6 7 8 |  8.1
Hexes          | 5 7 8 10 11 12 | 12.6
Spellcasting   | 3 4 5 6 |  6.9
Translocations | 1 3 |  3.0
Conjurations   | 1 2 |  2.0
Armour         | 1 2 |  2.0

Action                     |  1- 3 |  4- 6 |  7- 9 | 10-12 || total
---------------------------+-------+-------+-------+-------++-------
  Melee: Dagger            |   110 |   199 |   177 |   323 ||   809
         Bite              |    12 |    19 |    21 |    62 ||   114
         Punch             |     1 |     4 |     1 |    12 ||    18
         Quick blade       |       |       |       |   263 ||   263
  Throw: Dart              |       |       |       |     2 ||     2
   Cast: Ensorcelled Hiber |       |    16 |    41 |   144 ||   201
         Confusing Touch   |       |       |     3 |    16 ||    19
         Tukima's Dance    |       |       |       |     4 ||     4
         Dazzling Flash    |       |       |       |    15 ||    15
Ability: Exsanguinate      |       |       |     1 |       ||     1
  Evoke: Wand              |       |       |       |     2 ||     2
    Use: Scroll            |       |       |     3 |    13 ||    16
         Potion            |       |       |     1 |     2 ||     3
   Stab: Sleeping          |    13 |    26 |    41 |   145 ||   225
         Confused          |       |       |     3 |    17 ||    20
         Invisible         |       |       |     6 |    13 ||    19
         Distracted        |       |       |       |     3 ||     3
 Armour: Robe              |    19 |    24 |     4 |    24 ||    71
         Animal skin       |       |       |     6 |       ||     6
         Steam dragon scal |       |       |       |    47 ||    47
  Dodge: Dodged            |    45 |   113 |    90 |   418 ||   666

Table legend: (Time is in decaauts)
 A = Elapsed time spent in this place.
 B = Non-inter-level travel time spent in this place.
 C = Inter-level travel time spent in this place.
 D = Time resting spent in this place.
 E = Time spent auto-exploring this place.
 F = Levels seen in this place.
 G = Mean time per level.
                   A        B        C        D        E       F      G
               +--------+--------+--------+--------+--------+-----+--------+
         Total |  13973 |  13145 |    828 |    666 |   8147 |  15 |  931.5 |
       Dungeon |  11906 |  11120 |    786 |    660 |   6742 |  12 |  992.2 |
        Temple |    153 |    131 |     22 |      0 |    121 |   1 |  153.0 |
          Lair |   1913 |   1893 |     20 |      6 |   1284 |   2 |  956.5 |
               +--------+--------+--------+--------+--------+-----+--------+

Top non-repeatable levels by time:
     D:7: 1652 daAuts
  Lair:1: 1373 daAuts
     D:5: 1274 daAuts
     D:4: 1212 daAuts
     D:9: 1210 daAuts
    D:12: 1059 daAuts
     D:1: 1052 daAuts
     D:8: 1000 daAuts
    D:11: 872 daAuts
     D:2: 774 daAuts
     D:6: 700 daAuts
     D:3: 590 daAuts
  Lair:2: 540 daAuts
    D:10: 505 daAuts
  Temple: 153 daAuts
